AoeStats
← Gandalf

Arabia

510421591Analyzed
1v1 RM · 15h ago on Sep 30, 2026· 45m 52s· 2 players
Game mode
Random Map
Map size
Tiny (2 player)
Population
200
Speed
Normal
Resources
Standard
Victory
Conquest
Starting age
Dark Age
Ending age
Imperial Age
RankedLock teamsTeams togetherTeam positionsShared explorationLock speedFull tech treeHidden civsTurbo modeCheats
Victory
Defeat
🇨🇦 Koreans · Canada
591
+17
🇺🇾 Sicilians · Uruguay
614
-17
Troy 809
5:40 Loom
12:52 Feudal Age
16:20 Double-Bit Axe
24:12 Castle Age
22:16 Stone Mining
22:18 Gold Mining
22:58 Fletching
25:47 Thumb Ring
25:07 Crossbowman
27:03 Bow Saw
27:30 Gold Shaft Mining
30:29 Stone Shaft Mining
30:52 Horse Collar
31:02 Town Watch
36:42 Bodkin Arrow
39:48 Ballistics
39:40 Fortified Wall
39:43 Masonry
42:20 Imperial Age
40:39 Town Patrol
41:38 Eupseong
42:18 Wheelbarrow
42:29 Arbalester
43:11 Bracer
43:27 Eupseong
43:25 Elite War Wagon
Gandalf
10:58 Feudal Age
13:40 Loom
21:15 Double-Bit Axe
23:58 Castle Age
22:22 Horse Collar
25:37 Heavy Plow
30:39 Imperial Age
30:46 Imperial Age
29:07 Fletching
29:21 Padded Archer Armor
29:33 Scale Barding Armor
30:49 Wheelbarrow
32:04 Cranequins
36:14 Ballistics
37:11 Chemistry
36:13 Murder Holes
39:53 Hand Cart
41:09 Heavy Mounted Crossbowman
41:53 Gold Mining
43:22 Gold Shaft Mining
Connection lost

Rejoining the realm…

Still unreachable

The connection could not be restored.

Session expired

The server has moved on; the page needs a fresh start.